cohdb
Replays
Latest Replays
All Replays
Popular Replays
Top Player Replays
Match Explorer
How It Works
Community
CoH3 Stats
Reddit
Sign in to upload your games and track your stats! →
Sign in with Steam
Match 47037522
Unlisted
Match 47037522
Overview
Messages
Build Orders
End
Royal Engineer Section
Construct Section Command Post
Dingo Light Scout Car
Infantry Section
Construct Platoon Command Post
Forward Retreat Point
6-pounder Anti-tank Gun Team
CMP 15cwt Truck
Humber Armored Car
Infantry Section
Construct Company Command Post
Selects Indian Artillery Battlegroup
Selects Valour
Selects Gurkha Rifles Section
Tabaczany Baron
Mecska
Eren Yeager
ENNE
The101stAirBorne ITA
BamboneWertherone ITA
Capibimbambombolilalone ITA
FLOKL
0
0
Comments
sign in to comment!
No comments posted yet!